 Dungeon Crawl Stone Soup version 0.27-a0-1324-ge0d8e047f6 (webtiles) character file.

Game seed: 3796614569179792786

43 sokol815 the Sneak (level 3, -1/21 HPs)
             Began as an Octopode Ice Elementalist on June 24, 2021.
             Slain by a centaur skeleton (2 damage)
             ... on level 4 of the Dungeon.
             The game lasted 00:04:34 (1219 turns).

sokol815 the Sneak (Octopode Ice Elementalist)      Turns: 1219, Time: 00:04:35

Health: -1/21      AC:  7    Str:  7    XL:     3   Next: 58%
Magic:  2/6        EV: 13    Int: 17    God:
Gold:   8          SH:  0    Dex: 13    Spells: 2/6 levels left

rFire    . . .     SeeInvis .   a - +0 dagger
rCold    . . .     Faith    .   (no shield)
rNeg     . . .     Spirit   .   (helmet restricted)
rPois    .         Reflect  .   (no amulet)
rElec    .         Harm     .   Z - ring of wizardry {Wiz+, !d}
rCorr    .         Rampage  .   (no ring)
Will     .....                  (no ring)
Stlth    ++++......             (no ring)
HPRegen  0.07/turn              (no ring)
MPRegen  0.10/turn              (no ring)
                                (no ring)
                                (no ring)

@: ice-armoured
A: almost no armour, amphibious, 8 rings, camouflage 1, gelatinous body 1,
(nimble swimmer 1), tentacles
a: no special abilities


You were on level 4 of the Dungeon.
You visited 1 branch of the dungeon, and saw 3 of its levels.

You collected 28 gold pieces.
You spent 20 gold pieces at shops.

Inventory:

Hand Weapons
 a - a +0 dagger (weapon)
   (You took it off a kobold on level 1 of the Dungeon)
 e - a +0 flail
   (You took it off an orc on level 4 of the Dungeon)
Missiles
 s - a stone
Jewellery
 Z - a ring of wizardry (left tentacle) {Wiz+, !d}
   (You found it on level 2 of the Dungeon)
Scrolls
 b - 3 scrolls of identify {@r1}
 c - a scroll of enchant weapon {unknown}
 d - a scroll of magic mapping {unknown}


   Skills:
 + Level 2.6 Dodging
 * Level 4.7 Stealth
 - Level 2.0 Spellcasting
 + Level 4.0 Ice Magic


You had 2 spell levels left.
You knew the following spells:

 Your Spells              Type           Power      Damage    Failure   Level
a - Freeze                Ice            60%        1d8       1%          1
A - Ozocubu's Armour      Ice            15%        N/A       4%          3

Your spell library contained the following spells:

 Spells                   Type           Power      Damage    Failure   Level
 Ensorcelled Hibernation  Hex/Ice        16%        N/A       5%          2
 Corona                   Hex            1%         N/A       8%          1
 Frozen Ramparts          Ice            30%        1d5       4%          3
 Confusing Touch          Hex            1%         N/A       22%         3
 Dazzling Flash           Conj/Hex       2%         N/A       22%         3
 Gell's Gravitas          Tloc           0%         N/A       22%         3
 Tukima's Dance           Hex            1%         N/A       22%         3
 Hailstorm                Conj/Ice       8%         3d4       32%         4
 Petrify                  Tmut/Erth      1%         N/A       56%         4
 Metabolic Englaciation   Hex/Ice        4%         N/A       65%         5
 Yara's Violent Unravell  Hex/Tmut       0%         3d3       88%         5


Dungeon Overview and Level Annotations

Branches:
Dungeon (4/15)
 Temple: D:4-7

Altars:

Shops:
D:1 *

Annotations:
D:4 exclusions: black bear and 2 orcs


Innate Abilities, Weirdness & Mutations

You cannot wear most types of armour.
You are amphibious.
You can wear up to eight rings at the same time.
Your skin changes colour to match your surroundings (Stealth+).
Your rubbery body absorbs attacks. (AC +1, EV +1)
((You are camouflaged near water. (Stealth+)))
You have tentacles for arms and can constrict up to eight enemies at once.


Message History

You kill the adder!
Z - a ring of wizardry {Wiz+, !d} Health restored: 21; MP restored: 6
Z - a ring of wizardry (left tentacle) {Wiz+, !d} You now have 8 gold pieces (gained 4).
Found a stone staircase leading down.
This spell is quite dangerous to cast!
Memorise Ozocubu's Armour, consuming 3 spell levels and leaving 2?
You start memorising the spell.
You continue memorising. x3
You finish memorising.
Spell assigned to 'A'.
Okay, then.
There is a stone staircase leading down here.
You see here a +0 club.
You fall into a shaft and drop 2 floors!
The shaft crumbles and collapses.
An orc comes into view. It is wielding a +0 club.
A worm comes into view.
You catch the helpless orc completely off-guard!
You puncture the orc!
You kill the orc!
Things that are here:
a +0 club; an orc corpse The helpless worm fails to defend itself.
You puncture the worm! You grab the worm. You squeeze the worm!
You kill the worm!
Things that are here:
a +0 club; an orc corpse
Found a translucent war axe.
A black bear comes into view.
You see here 24 stones.
An orc comes into view. It is wielding a +0 short sword.
Found an escape hatch in the ceiling.
Here: a black bear (asleep)
The floor.
You see here 24 stones. 4 orcs come into view.
Here: an orc, wielding a +0 dagger (asleep)
The floor.
Things that are here:
a +0 club; an orc corpse
Things that are here:
a +0 club; an orc corpse
d - a scroll labelled YRA PUHESM An orc comes into view.
It is wielding a +0 flail.
You start waiting.
An orc is nearby!
Aim: an orc, wielding a +0 flail and wearing a +0 ring mail You freeze the orc!
You kill the orc!
You now have 5/6 mp.
Things that are here:
a +0 flail; a +0 ring mail; an orc corpse
e - a +0 flail A hobgoblin comes into view.
MP restored: 6 A centaur skeleton comes into view.
An orc comes into view. It is wielding a +0 whip.
The helpless centaur skeleton fails to defend itself.
You puncture the centaur skeleton! You squeeze the centaur skeleton.
The centaur skeleton hits you.
The centaur skeleton completely misses you.
The centaur skeleton closely misses you.
The centaur skeleton kicks you but does no damage.
You take 3 damage, and have 18/21 hp.
You hit the centaur skeleton.
The centaur skeleton hits you but does no damage.
The centaur skeleton kicks you.
You take 2 damage, and have 16/21 hp.
You hit the centaur skeleton. The centaur skeleton hits you.
The centaur skeleton kicks you.
You take 1 damage, and have 15/21 hp.
You hit the centaur skeleton but do no damage.
The centaur skeleton hits you. The centaur skeleton kicks you.
The hobgoblin closely misses you.
You take 4 damage, and have 11/21 hp.
The centaur skeleton hits you.
* * * LOW HITPOINT WARNING * * *
The centaur skeleton closely misses you. x2
The centaur skeleton barely misses you.
You see here a +0 robe.
You take 5 damage, and have 6/21 hp.
MASSIVE DAMAGE!!
Aim: a hobgoblin You freeze the hobgoblin.
The hobgoblin hits you.
* * * LOW HITPOINT WARNING * * *
You take 4 damage, and have 2/21 hp.
You now have 5/6 mp.
The spell is quite dangerous to cast (4% risk of failure)!
Continue anyway?
A film of ice covers your body! The hobgoblin hits you.
* * * LOW HITPOINT WARNING * * *
You take 1 damage, and have 1/21 hp.
You now have 2/6 mp.
You closely miss the hobgoblin. You grab the hobgoblin.
You constrict the hobgoblin. The hobgoblin completely misses you.
You hit the hobgoblin but do no damage. You squeeze the hobgoblin.
You kill the hobgoblin!
You hit the centaur skeleton but do no damage.
The centaur skeleton completely misses you.
The centaur skeleton closely misses you.
The centaur skeleton hits you.
You die...

### ###### #.. .....
######## #.# ....
.......# #.# ..#
######.# #.##.# #.#
###.#@# #.# #...Z##
#.# #.#.#.#
######[#####.#.##.##
......#............#
.#####.#####.#.#...#
.# #.# ##.#..#.....
.# #.# #...#.....o..
.# #.# #.####.#.#.##


You could see a centaur skeleton.

Vanquished Creatures
  2 adders (D:2)
  A worm (D:4)
  2 orcs (D:4)
  2 giant cockroaches
  2 hobgoblins
  4 jackals
  2 ball pythons (D:1)
  A bat (D:1)
  A frilled lizard (D:1)
  A kobold (D:1)
  3 rats (D:1)
21 creatures vanquished.

Notes
Turn   | Place    | Note
-------+----------+-------------------------------------------
     0 | D:1      | sokol815 the Octopode Ice Elementalist began the quest for
                  | the Orb.
     0 | D:1      | Reached XP level 1. HP: 11/11 MP: 3/3
    23 | D:1      | Found a faded altar of an unknown god.
   119 | D:1      | Reached skill level 3 in Stealth
   357 | D:1      | Reached XP level 2. HP: 16/17 MP: 5/5
   790 | D:1      | Found Otaunol's General Store.
   801 | D:1      | Bought a scroll of identify for 20 gold pieces
   877 | D:2      | Reached skill level 4 in Stealth
   877 | D:2      | Reached XP level 3. HP: 21/21 MP: 6/6
  1048 | D:2      | Learned a level 3 spell: Ozocubu's Armour
  1069 | D:2      | You fall into a shaft and drop 2 floors!
  1103 | D:4      | Noticed a black bear
  1215 | D:4      | HP: 2/21 [hobgoblin (4)]
  1219 | D:4      | Slain by a centaur skeleton

Illustrated notes

Levels and vault maps discovered:
D:1:      heliophobic_arrival_glass_houses, layout_basic, serial_shops, shop,
          shapermc_ecumenical_altar_starsandcircs, grunt_decor_junction
D:2:      layout_loops_ring, serial_shops, nicolae_square_shop, uniq_terence
D:4:      layout_loops_ring

Skill      XL: |  1  2 |
---------------+-------+-----
Stealth        | 3 4 |  4.7
Dodging        | |  2.6
Spellcasting   | |  2.0
Ice Magic      | |  4.0

Action                   || total
-------------------------++-------
Melee: Dagger            ||    38
       Tentacles         ||     8
       Constrict         ||     7
 Cast: Freeze            ||     8
       Ozocubu's Armour  ||     1
 Stab: Sleeping          ||     7
       Distracted        ||     1
Armor: Skin              ||     3
Dodge: Dodged            ||    31

Table legend: (Time is in decaauts)
 A = Elapsed time spent in this place.
 B = Non-inter-level travel time spent in this place.
 C = Inter-level travel time spent in this place.
 D = Time resting spent in this place.
 E = Time spent auto-exploring this place.
 F = Levels seen in this place.
 G = Mean time per level.
                   A        B        C        D        E       F      G
               +--------+--------+--------+--------+--------+-----+--------+
         Total |   1217 |   1197 |     20 |      5 |   1025 |   3 |  405.7 |
       Dungeon |   1217 |   1197 |     20 |      5 |   1025 |   3 |  405.7 |
               +--------+--------+--------+--------+--------+-----+--------+

Top non-repeatable levels by time:
     D:1: 820 daAuts
     D:2: 247 daAuts
     D:4: 149 daAuts

Table legend:
 A = Kills in this place as a percentage of kills in entire the game.
 B = Kills by you in this place as a percentage of kills by you in the entire game.
 C = Kills by friends in this place as a percentage of kills by friends in the entire game.
 D = Other kills in this place as a percentage of other kills in the entire game.
 E = Experience gained in this place as a percentage of experience gained in the entire game.
 F = Experience gained in this place divided by the number of levels of this place that you have seen.
                   A       B       C       D       E      F
               +-------+-------+-------+-------+-------+----------------------
         Total | 100.0 | 100.0 |   N/A |   N/A | 100.0 |  20.7
       Dungeon | 100.0 | 100.0 |   N/A |   N/A | 100.0 |  20.7
               +-------+-------+-------+-------+-------+----------------------
